 Dungeon Crawl Stone Soup version 0.25.1-2-g60ff931df9 (webtiles) character file.

Game seed: 15452431368178644942

208 funkygono the Cudgeler (level 5, -5/41 HPs)
             Began as a Demonspawn Gladiator on Nov 4, 2020.
             Killed by divine providence
             ... invoked by an orc priest
              (11 damage)
             ... on level 3 of the Dungeon.
             The game lasted 00:05:11 (3039 turns).

funkygono the Cudgeler (Demonspawn Gladiator)       Turns: 3039, Time: 00:05:12

Health: -5/41      AC: 14    Str: 15    XL:     5   Next: 55%
Magic:  0/5        EV: 11    Int:  9    God:
Gold:   190        SH:  5    Dex: 15    Spells: 4/4 levels left

rFire    . . .     SeeInvis .   r - +2 flail (protect)
rCold    . . .     Gourm    .   (no shield)
rNeg     + . .     Faith    .   g - +0 scale mail
rPois    .         Spirit   +   c - +0 helmet
rElec    .         Reflect  +   (no cloak)
rCorr    .         Harm     .   (no gloves)
MR       .....                  (no boots)
Stlth    ..........             k - amulet of reflection
HPRegen  0.13/turn              e - ring of positive energy
MPRegen  0.09/turn              n - ring of wizardry

@: protection aura
A: talons 1, magic shield
a: no special abilities


You were on level 3 of the Dungeon.
You were not hungry.

You visited 1 branch of the dungeon, and saw 3 of its levels.

You collected 190 gold pieces.

Inventory:

Hand Weapons
 r - a +2 flail of protection (weapon)
Missiles
 d - 3 throwing nets
 h - 29 arrows
 i - 4 javelins (quivered)
 j - 4 boomerangs
 l - 19 sling bullets
 m - 90 stones
 p - 3 curare-tipped darts
 q - 22 bolts
Armour
 b - a +0 leather armour
 c - a +0 helmet (worn)
 g - a +0 scale mail (worn)
Jewellery
 a - an uncursed amulet of guardian spirit {unknown}
 e - a ring of positive energy (left hand)
 k - an amulet of reflection (around neck)
 n - a ring of wizardry (right hand)
Wands
 o - a wand of digging (3)
Comestibles
 f - 7 rations
 s - 6 chunks of flesh


   Skills:
 + Level 3.2 Fighting
 + Level 4.2 Maces & Flails
 + Level 2.0 Throwing
 + Level 1.7 Armour
 + Level 3.2 Dodging
 + Level 0.1 Stealth


You had 4 spell levels left.
You didn't know any spells.
Your spell library was empty.

Dungeon Overview and Level Annotations

Branches:
Dungeon (3/15)

Altars:


Innate Abilities, Weirdness & Mutations

You have sharp toenails.
When hurt, damage is shared between your health and your magic reserves.


Message History

The orc priest is almost dead.
The orc priest looks encouraged for a moment.
The orc priest calls down the wrath of Beogh upon you.
Beogh smites you!
* * * LOW HITPOINT WARNING * * *
You hit the orc priest.
You kill the orc priest!
You closely miss the rat. Your kick misses the rat.
The orc priest casts a cantrip, but nothing happens.
The rat bites you but does no damage. You block the rat's attack.
The orc priest casts a cantrip, but nothing happens.
You closely miss the rat. Your kick misses the rat.
The rat bites you but does no damage.
You aren't carrying any potions.
You hit the rat.
Your weapon exudes an aura of protection.
The rat is severely wounded.
The orc priest invokes the aid of Beogh against you.
Beogh smites you!
You die...

#..# #.##
#.# #.# #.#
#.# #.#
.#########.#
.ooo.oor@..#
.###########


You could see an orc priest, 4 orcs and a rat.

Vanquished Creatures
  2 orc priests (D:3)
  Terence (D:2)
  3 adders (D:2)
  A worm (D:2)
  5 dart slugs
  3 leopard geckos
  14 orcs (D:3)
  8 bats
  3 giant cockroaches
  8 hobgoblins
  A quokka (D:2)
  4 frilled lizards
  5 goblins
  3 kobolds
  10 rats
  A fungus (D:1)
72 creatures vanquished.

Vanquished Creatures (others)
  4 toadstools (D:1)
4 creatures vanquished.

Grand Total: 76 creatures vanquished

Notes
Turn   | Place    | Note
-------+----------+-------------------------------------------
     0 | D:1      | funkygono the Demonspawn Gladiator began the quest for the
                  | Orb.
     0 | D:1      | Reached XP level 1. HP: 16/16 MP: 1/1
   219 | D:1      | Gained mutation: When hurt, damage is shared between your
                  | health and your magic reserves. [demonic ancestry]
   219 | D:1      | Reached XP level 2. HP: 8/22 MP: 2/2
   783 | D:1      | Reached skill level 3 in Maces & Flails
  1274 | D:2      | Gained mutation: You have sharp toenails. [demonic
                  | ancestry]
  1274 | D:2      | Reached XP level 3. HP: 25/28 MP: 3/3
  1740 | D:2      | Reached XP level 4. HP: 30/34 MP: 4/4
  1751 | D:2      | Noticed Terence
  1767 | D:2      | Reached skill level 1 in Armour
  1847 | D:2      | Killed Terence
  1848 | D:2      | HP: 1/34 [quokka (1)]
  1906 | D:2      | Reached skill level 4 in Maces & Flails
  2573 | D:3      | Reached XP level 5. HP: 4/41 MP: 1/5
  3039 | D:3      | Killed from afar by an orc priest

Illustrated notes

Levels and vault maps discovered:
D:1:      minmay_arrival_four_circles, layout_basic, chequers_jeans,
          minmay_gold_behind_fungi
D:2:      layout_basic, serial_bayou_pond_b, uniq_terence
D:3:      layout_loops_ring, zin_angel, lemuel_crystal_altar

Skill      XL: |  1  2  3  4 |
---------------+-------------+-----
Dodging        | 3 |  3.2
Throwing       | 2 |  2.0
Maces & Flails | 3 4 |  4.2
Armour         | 1 |  1.7
Fighting       | 3 |  3.2
Stealth        | |  0.1

Action                   |  1- 3 |  4- 6 || total
-------------------------+-------+-------++-------
Melee: Flail             |    94 |   114 ||   208
       Kick              |     9 |    30 ||    39
Throw: Javelin           |     4 |     2 ||     6
       Throwing net      |     1 |       ||     1
  Use: Scroll            |       |     2 ||     2
  Eat: Chunk             |     3 |     4 ||     7
Armor: Scale mail        |    37 |    56 ||    93
Dodge: Dodged            |    39 |    71 ||   110
Block: Other             |    15 |    28 ||    43
